 Dungeon Crawl Stone Soup version 0.28.0-53-g5a82cb258f (webtiles) character file.

Game seed: 12358221854844840398

114 quokkamancerX the Magician (level 5, -4/40 HPs)
             Began as a Djinni Conjurer on July 6, 2022.
             Killed by nerve-wracking pain
             ... invoked by an orc priest
              (10 damage)
             ... on level 3 of the Dungeon.
             The game lasted 00:08:59 (2615 turns).

quokkamancerX the Magician (Djinni Conjurer)        Turns: 2615, Time: 00:09:00

Health: -4/40      AC:  3    Str:  8    XL:     5   Next: 18%
Gold:   130        EV: 11    Int: 19    God:
                   SH:  0    Dex: 12

rFire   + + .      SeeInvis .   b - +0 dagger
rCold   x . .      Faith    .   (no shield)
rNeg    . . .      Spirit   .   h - +0 leather armour
rPois   ∞          Reflect  .   (no helmet)
rElec   .          Harm     .   (no cloak)
rCorr   .          Rampage  .   (no gloves)
Will    .....                   (boots unavailable)
Stlth   +.........              (no amulet)
HPRegen 0.13/turn               f - ring of wizardry
MPRegen 0.00/turn               (no ring)

@: flying
A: sickness immunity, fire resistance 2, cold vulnerability 1, float, innate
caster, HP casting, extra vitality 1
a: no special abilities


You were on level 3 of the Dungeon.
You visited 1 branch of the dungeon, and saw 3 of its levels.

You collected 130 gold pieces.

Inventory:

Hand Weapons
 b - a +0 dagger (weapon)
Armour
 h - a +0 leather armour (worn)
Jewellery
 f - a ring of wizardry (left hand)
Scrolls
 a - a scroll of immolation {unknown}
 e - a scroll of teleportation {unknown}
 g - a scroll of identify {unknown}
Potions
 c - 2 potions of brilliance {unknown}
 d - 2 potions of heal wounds {unknown}
 i - a potion of curing {unknown}


   Skills:
 * Level 3.5 Fighting
 - Level 2.1 Dodging
 - Level 1.5 Stealth
 + Level 3.8 Spellcasting


You couldn't memorise any spells.
You knew the following spells:

 Your Spells              Type           Power      Damage    Failure   Level
a - Magic Dart            Conj           72%        1d6       1%          1
b - Searing Ray           Conj           36%        2d5       2%          2
c - Dazzling Flash        Conj/Hex       36%        N/A       5%          3
d - Fulminant Prism       Conj/Hex       9%         3d7       16%         4
e - Iskenderun's Mystic   Conj/Tloc      18%        2d6       16%         4
f - Animate Skeleton      Necr           36%        N/A       1%          1
g - Poisonous Vapours     Pois/Air       36%        N/A       2%          2
Your spell library was empty.

Dungeon Overview and Level Annotations

Branches:
Dungeon (2/15)

Altars:


Innate Abilities, Weirdness & Mutations

You are immune to sickness and miasma.
You are immune to poison.
Your flesh is very heat resistant. (rF++)
You are vulnerable to cold. (rC-)
You float through the air rather than walking.
You learn spells naturally, not from books.
Your magical power is your life essence.
You have superior vitality. (+4 MHP)


Message History

An orc priest comes into view. It is wielding a +0 falchion.
The magic dart hits the orc.
You kill the orc!
An orc comes into view. It is wielding a +0 flail.
Casting: Magic Dart (safe; 1% risk of failure)
Confirm with . or Enter, or press ? or * to list all spells.
There is nothing nearby to animate!
Your magical contamination has completely faded away.
You start resting.
An orc priest is nearby!
What are your orders? t - Shout!
Orders for allies: a - Attack new target. r - Retreat! s - Stop attacking. g - Guard the area. f - Follow me.
Anything else - Cancel.
Gang up on whom?
Press: ? - help, Dir - move target, f - orc priest
Aim: an orc priest, wielding a +0 falchion and wearing a +0 leather armour Attack!
The orc priest invokes the aid of Beogh against you.
Beogh smites you! Something hits your goblin skeleton!
Your goblin skeleton is destroyed!
You hear a shout!
The orc priest calls down the wrath of Beogh upon you.
Beogh smites you!
* * * LOW HITPOINT WARNING * * *
You closely miss the orc.
Aiming: Magic Dart (safe; 1% risk of failure)
Press: ? - help, Q - select action, (/) - cycle Shift-Dir - straight line, f/p - orc priest
Aim: an orc priest, wielding a +0 falchion and wearing a +0 leather armour (100% to hit)
The magic dart hits the orc priest.
The orc priest is moderately wounded.
* * * LOW HITPOINT WARNING * * *
The orc hits you with a +0 flail.
* * * LOW HITPOINT WARNING * * *
You hear the slow rusting of a very distant drain.
The orc priest mumbles some strange prayers to Beogh against you.
Pain shoots through your body!
You die...

.# #..# o.. .###..#
#o. .. ......# ...
.. ...#..#######.#
#. >#....##....).
.. ####..##.##.# .#
#...........# .#
#.###.....#)#####.#
#........##..oo.@.#
###################


You could see an orc priest and an orc.

Vanquished Creatures
  Jessica (D:2)
  An iguana (D:2)
  An adder (D:2)
  2 worms (D:2)
  2 dart slugs (D:1)
  An orc (D:3)
  4 ball pythons (D:1)
  5 bats
  4 endoplasms
  3 giant cockroaches
  5 hobgoblins
  2 quokkas
  A frilled lizard (D:2)
  6 goblins
  2 kobolds
40 creatures vanquished.

Notes
Turn   | Place    | Note
-------+----------+-------------------------------------------
     0 | D:1      | quokkamancerX the Djinni Conjurer began the quest for the
                  | Orb.
     0 | D:1      | Reached XP level 1. HP: 15/15 MP: 0/0
   296 | D:1      | Reached skill level 1 in Fighting
   296 | D:1      | Reached XP level 2. HP: 18/22 MP: 0/0
   359 | D:1      | Found a faded altar of an unknown god.
   838 | D:1      | Reached XP level 3. HP: 27/28 MP: 0/0
   838 | D:1      | Learned a level 1 spell: Animate Skeleton
  1798 | D:2      | Reached XP level 4. HP: 24/34 MP: 0/0
  2096 | D:2      | Noticed Jessica
  2101 | D:2      | Killed Jessica
  2232 | D:2      | Reached XP level 5. HP: 20/40 MP: 0/0
  2232 | D:2      | Learned a level 2 spell: Poisonous Vapours
  2565 | D:2      | You are sucked into a shaft and drop 1 floor!
  2615 | D:3      | Killed from afar by an orc priest

Illustrated notes

Levels and vault maps discovered:
D:1:      dpeg_arrival_more_subterranean_lakeside_camping, layout_basic,
          serial_curves, eino_curves_01, eino_curves_03,
          shapermc_ecumenical_altar_hornbeckon, minmay_misc_feat_four_crosses,
          amcnicky_mini_corridor_feature
D:2:      layout_basic, serial_corexii_hall, chequers_hall_statues_corner_a,
          chequers_hall_statues_wall_a, kennysheep_another_room,
          kennysheep_generic_room_6, uniq_jessica
D:3:      layout_basic, portal_sewer_entry_e, uniq_ijyb

Skill      XL: |  1  2  3  4 |
---------------+-------------+-----
Fighting       | 1 2 3 |  3.5
Dodging        | |  2.1
Stealth        | |  1.5
Spellcasting   | |  3.8

Action                   |  1- 3 |  4- 6 || total
-------------------------+-------+-------++-------
Melee: Dagger            |    13 |     2 ||    15
 Cast: Magic Dart        |    73 |    44 ||   117
       Animate Skeleton  |     1 |     3 ||     4
 Stab: Sleeping          |     1 |     1 ||     2
Armor: Robe              |     1 |       ||     1
       Leather armour    |       |     3 ||     3
Dodge: Dodged            |    13 |     4 ||    17
